 Dungeon Crawl Stone Soup version 0.21.1-1-g345015f (webtiles) character file.

197 vatarom the Gusty (level 5, -7/30 HPs)
             Began as a Tengu Air Elementalist on Apr 14, 2018.
             Mangled by Sigmund
             ... wielding a +0 scythe
              (15 damage)
             ... on level 3 of the Dungeon.
             The game lasted 00:07:03 (2983 turns).

vatarom the Gusty (Tengu Air Elementalist)          Turns: 2983, Time: 00:07:04

Health: -7/30      AC:  3    Str:  9    XL:     5   Next: 75%
Magic:  9/10       EV: 12    Int: 16    God:
Gold:   81         SH:  0    Dex: 14    Spells: 3/9 levels left

rFire    . . .     SeeInvis .   j - +0 dagger (holy)
rCold    + . .     Gourm    .   (no shield)
rNeg     . . .     Faith    .   a - +0 robe
rPois    .         Spirit   .   (helmet restricted)
rElec    .         Reflect  .   (no cloak)
rCorr    +         Harm     .   g - +0 pair of gloves (curse)
MR       .....                  (boots unavailable)
Stlth    ++........             (no amulet)
HPRegen  0.10/turn              d - ring of protection from cold
MPRegen  0.12/turn              n - ring of resist corrosion

@: no status effects
A: beak, talons 3, able to fly 1
a: Fly


You were on level 3 of the Dungeon.
You were not hungry.

You visited 1 branch of the dungeon, and saw 3 of its levels.

You collected 81 gold pieces.

Inventory:

Hand Weapons
 j - a +0 dagger of holy wrath (weapon)
Armour
 a - a +0 robe (worn)
 g - a cursed +0 pair of gloves (worn)
Jewellery
 d - a ring of protection from cold (left hand)
 n - a ring of resist corrosion (right hand)
Scrolls
 f - a scroll of magic mapping {unknown}
 h - a scroll of amnesia {unknown}
 i - a scroll of noise {unknown}
 m - 4 scrolls of teleportation
Potions
 e - a potion of flight
 l - 2 potions of might {unknown}
Books
 b - a book of Air

   Spells                             Type                      Level
   a - Shock                          Conjuration/Air              1
   b - Swiftness                      Charms/Air                   2
   c - Static Discharge               Conjuration/Air              3
   d - Airstrike                      Air                          4
   e - Lightning Bolt                 Conjuration/Air              5
Comestibles
 c - 4 rations
 k - a chunk of flesh


   Skills:
 + Level 1.8 Fighting
 - Level 2.1 Dodging
 - Level 2.0 Stealth
 + Level 2.7 Spellcasting
 * Level 4.2 Conjurations
 * Level 5.9 Air Magic


You had 3 spell levels left.
You knew the following spells:

 Your Spells              Type           Power        Failure   Level  Hunger
a - Shock                 Conj/Air       ###.         2%          1    #......
b - Swiftness             Chrm/Air       ##......     9%          2    ##.....
c - Static Discharge      Conj/Air       ###.....     7%          3    ###....


Dungeon Overview and Level Annotations

Branches:
Dungeon (3/15)

Altars:

Annotations:
D:3 Sigmund


Innate Abilities, Weirdness & Mutations

You have a beak for a mouth.
You have claws for feet.
You can fly.


Message History

Found a scroll of identify.
HP restored.
An orc comes into view. It is wielding a dagger.
The orc shouts!
The orc moves out of view.
You hear some strange, mumbled words.
You are confused.
There is an open door here.
You bump into the rock wall.
You bump into the rock wall.
You bump into the rock wall.
Something hits you!
You bump into the rock wall.
Something hits you! The orc hits you but does no damage.
You bump into the rock wall.
The orc hits you with a dagger.
* * * LOW HITPOINT WARNING * * *
You bump into the rock wall.
You feel less confused. Something hits you!
Ouch! That really hurt!
You die...

########## #.....#
#........# #.....#
####........########.....#
#>.............. .........
#.............. ........
#...........#######......#
#...........'............'
##.....{o...####....)....#
#..o.#'#@### #.........#
#....#.#.# #....######
#...o#.#.# #....#
#....#.#.# #....#
........#.# ##....#
#........#.# #.....#
#..?.....#.. #....##
#........### #....# ...
#....#


You could see an orc.

Vanquished Creatures
  An orc priest (D:3)
  7 adders
  5 worms
  6 dart slugs
  4 orcs
  10 bats
  A giant cockroach (D:2)
  12 goblins
  10 hobgoblins
  2 jackals
  A quokka (D:3)
  A ball python (D:2)
  4 frilled lizards (D:1)
  4 kobolds
  10 rats
78 creatures vanquished.

Notes
Turn   | Place    | Note
-------+----------+-------------------------------------------
     0 | D:1      | vatarom the Tengu Air Elementalist began the quest for the Orb.
     0 | D:1      | Reached XP level 1. HP: 10/10 MP: 4/4
   312 | D:1      | Reached XP level 2. HP: 15/15 MP: 1/6
   853 | D:1      | Reached XP level 3. HP: 16/20 MP: 5/7
   857 | D:1      | Learned a level 2 spell: Swiftness
   861 | D:1      | Learned a level 3 spell: Static Discharge
  1245 | D:2      | Reached skill level 1 in Fighting
  1381 | D:2      | Reached XP level 4. HP: 24/25 MP: 5/8
  1387 | D:2      | Reached skill level 5 in Air Magic
  1859 | D:2      | Gained mutation: You can fly. [Tengu growth]
  1859 | D:2      | Reached XP level 5. HP: 29/29 MP: 6/9
  2968 | D:3      | Noticed Sigmund
  2983 | D:3      | Mangled by Sigmund

Skill      XL: |  1  2  3  4  5 |
---------------+----------------+-----
Conjurations   | 2 3 4 |  4.2
Fighting       | 1 |  1.8
Air Magic      | 5 |  5.9
Dodging        | |  2.1
Stealth        | |  2.0
Spellcasting   | |  2.7

Action                   |  1- 3 |  4- 6 || total
-------------------------+-------+-------++-------
Melee: Unarmed           |     3 |       ||     3
       Peck              |     1 |     7 ||     8
       Short sword       |    12 |     2 ||    14
       Kick              |     1 |     5 ||     6
       Dagger            |       |    36 ||    36
 Cast: Shock             |    56 |    55 ||   111
       Static Discharge  |       |     9 ||     9
       Swiftness         |       |     1 ||     1
  Use: Scroll            |       |     3 ||     3
       Potion            |       |     1 ||     1
 Stab: Sleeping          |     3 |     4 ||     7
       Distracted        |       |     1 ||     1
  Eat: Chunk             |     2 |     3 ||     5
       Ration            |       |     2 ||     2
Armor: Robe              |     4 |     9 ||    13
       Skin              |       |    10 ||    10
Dodge: Dodged            |    28 |    39 ||    67
